 Dungeon Crawl Stone Soup version 0.16-a0-3764-g1c82659 (webtiles) character file.

312 Johnny the Ducker (level 6, -5/43 HPs)
             Began as an Octopode Fighter on Jan 24, 2015.
             Was a Follower of Trog.
             Killed from afar by an orc wizard (14 damage)
             ... with a puff of flame
             ... on level 3 of the Dungeon.
             The game lasted 00:02:41 (2277 turns).

Johnny the Ducker (Octopode Fighter)                Turns: 2277, Time: 00:02:41

Health: -5/43      AC:  1    Str: 20    XL:     6   Next: 42%
Magic:  6/6        EV: 13    Int: 11    God:    Trog [*.....]
Gold:   85         SH: 10    Dex: 19    Spells: 0 memorised, 5 levels left

rFire  . . .     SeeInvis .     a - +0 long sword
rCold  . . .     Clarity  .     c - +0 shield
rNeg   . . .     SustAb   .     (helmet restricted)
rPois  .         Gourm    .     (no amulet)
rElec  .         Spirit   .     b - +6 ring of dexterity
rCorr  .         Warding  .     (no ring)
rMut   .         Stasis   .     (no ring)
MR     .....                    (no ring)
Stlth  +++.......               (no ring)
                                (no ring)
                                (no ring)
                                (no ring)

@: mighty, not resistant to hostile enchantments, fairly stealthy
A: almost no armour, amphibious, 8 rings, constrict 8, camouflage 1, gelatinous
body 1
a: Burn Spellbooks, Berserk, Renounce Religion


You were on level 3 of the Dungeon.
You worshipped Trog.
Trog was aware of your devotion.
You were not hungry.

You visited 1 branch of the dungeon, and saw 3 of its levels.

You collected 85 gold pieces.

Inventory:

Hand weapons
 a - a +0 long sword (weapon)
Armour
 c - a +0 shield (worn)
Jewellery
 b - a +6 ring of dexterity (left tentacle)
 i - an uncursed ring of ice {unknown}
 u - an uncursed ring of flight {unknown}
Magical devices
 r - a wand of random effects (29)
Scrolls
 f - a scroll of fog {unknown}
 g - a scroll of enchant weapon {unknown}
 h - a scroll of identify {unknown}
 k - 2 scrolls of immolation {unknown}
 m - 2 scrolls of remove curse {unknown}
 q - a scroll of enchant armour {unknown}
 s - 2 scrolls of fear {unknown}
 w - a scroll of noise {unknown}
 x - a scroll of teleportation {unknown}
Potions
 e - a potion of might
 l - 2 potions of invisibility {unknown}
 o - a potion of resistance {unknown}
 t - a potion of poison {unknown}
 v - a potion of heal wounds {unknown}
Books
 p - a book of the Sky

   Spells                             Type                      Level
   a - Flight                         Charms/Air                   3
   b - Airstrike                      Air                          4
   c - Silence                        Hexes/Air                    5
   d - Deflect Missiles               Charms/Air                   6
   e - Conjure Ball Lightning         Conjuration/Air              6
   f - Tornado                        Air                          9
   Trog disapproves of the use of such an item.
Comestibles
 d - a bread ration
 j - 4 fruits
 n - a beef jerky


   Skills:
 + Level 3.9 Fighting
 + Level 3.0 Long Blades
 * Level 4.7 Dodging
 * Level 4.7 Shields


You had 5 spell levels left.
You didn't know any spells.

Dungeon Overview and Level Annotations

Branches:
Dungeon (3/15)

Altars:
Ashenzari
Cheibriados
Gozag
Sif Muna
Trog
Zin


Innate Abilities, Weirdness & Mutations

You cannot wear most types of armour.
You are amphibious.
You can wear up to eight rings at the same time.
You can use your tentacles to constrict many enemies at once.
Your skin changes colour to match your surroundings (Stealth).
Your rubbery body absorbs attacks (AC +1).


Message History

You kill the orc!
Trog accepts your kill. Something hits you! You block its attack.
No target in view!
You barely miss something. Something hits you.
You hit something. You squeeze something. Something hits you.
You closely miss something. Something hits you.
* * * LOW HITPOINT WARNING * * *
Something hits you.
* * * LOW HITPOINT WARNING * * *
Drink which item? (? for menu, Esc to quit)
You feel very mighty all of a sudden. Something hits you.
* * * LOW HITPOINT WARNING * * *
Something hits you but does no damage.
Items here: ) [[ † a chain mail; a dagger; a robe; an orc corpse You hear some strange, mumbled words.
The puff of flame hits you!
You die...

...######.....###..#
...'...............#
...########........# ...#
#........### ..>#
#............
...########.......######
...........[...).........
#....(..#######{[.######
#.......# #...@..$...#
#.......# #......###.#
........# #.........
........# #......####
........# #.......
........## #...#>..#
.........# #...###.#
.........# .... .#
###+###..# .


There were no monsters in sight!

Vanquished Creatures
  A crimson imp (D:3)
  2 orc priests (D:3)
  3 orc wizards (D:3)
  Jessica (D:2)
  2 adders
  A giant mite (D:2)
  3 worms (D:3)
  A giant gecko (D:2)
  10 orcs (D:3)
  A ball python (D:3)
  8 goblins
  10 hobgoblins
  9 kobolds
  11 bats
  2 giant cockroaches
  3 giant newts
  5 rats
73 creatures vanquished.

Notes
Turn   | Place    | Note
--------------------------------------------------------------
     0 | D:1      | Johnny, the Octopode Fighter, began the quest for the Orb.
     0 | D:1      | Reached XP level 1. HP: 16/16 MP: 1/1
   228 | D:1      | Reached XP level 2. HP: 21/21 MP: 2/2
   922 | D:2      | Reached XP level 3. HP: 26/26 MP: 3/3
  1149 | D:2      | Noticed Jessica
  1156 | D:2      | Killed Jessica
  1156 | D:2      | Reached XP level 4. HP: 31/31 MP: 4/4
  1625 | D:3      | Reached skill level 4 in Dodging
  1634 | D:3      | Reached XP level 5. HP: 34/36 MP: 5/5
  1669 | D:3      | Found a glowing silver altar of Zin.
  1740 | D:3      | Found an opulent altar of Gozag.
  1817 | D:3      | Found a bloodstained altar of Trog.
  1819 | D:3      | Found a snail-covered altar of Cheibriados.
  1819 | D:3      | Found a shattered altar of Ashenzari.
  1865 | D:3      | Became a worshipper of Trog the Wrathful
  2008 | D:3      | Reached XP level 6. HP: 40/43 MP: 6/6
  2079 | D:3      | Found a deep blue altar of Sif Muna.
  2263 | D:3      | Acquired Trog's first power
  2277 | D:3      | Killed from afar by an orc wizard

Action                   |  1- 3 |  4- 6 || total
-------------------------+-------+-------++-------
Melee: Long sword        |    52 |    80 ||   132
  Use: Potion            |       |     1 ||     1
 Stab: Sleeping          |     8 |     1 ||     9
  Eat: Chunk             |     1 |     3 ||     4
